General information
			
			
        
        - name: BNet
 
        - type: Ladder team game (AT/RT)
 
        - host: Battle.net
 
        - saver: nub-dub
 
        
map: RiceFields 
        - players: 6
 
        - length: 25:56
 
        - speed: Fast
 - version: 1.22 W3XP
 - replay type:  Public
 
» download(144 KB)
Players
        team 1 (winner) 
              
              
» 
clown[m]an (
green | 67 APM | 1739 actions | 25:55)
              
 8 Priestess of the Moon 
 3 Searing Arrows
 3 Trueshot Aura
 1 Starfall
 1 Scout
 6 Keeper of the Grove 
 3 Entangling Roots
 2 Thorns Aura
 1 Tranquility
 
                » actions 
                
                | Assign group hotkey | 43 |  | 
| Basic commands | 192 |  | 
| Build / train | 116 |  | 
| ESC pressed | 2 |  | 
| Enter build submenu | 39 |  | 
| Enter hero's abilities submenu | 15 |  | 
| Give item / drop item | 1 |  | 
| Right click | 443 |  | 
| Select / deselect | 440 |  | 
| Select group hotkey | 363 |  | 
| Use ability | 85 |  | 
                1739 total
 » units 
                » upgrades
                
                | Strength of the Moon | 2 |  | 
| Moon Armor | 2 |  | 
| Strength of the Wild | 2 |  | 
| Abolish Magic | 1 |  | 
| Reinforced Hides | 2 |  | 
| Improved Bows | 1 |  | 
| Marksmanship | 1 |  | 
                11 total
 » buildings
                
                | Ancient of War | 3 |  | 
| Moon Well | 5 |  | 
| Altar of Elders | 1 |  | 
| Tree of Ages | 1 |  | 
| Hunter's Hall | 1 |  | 
| Ancient Protector | 12 |  | 
| Tree of Life | 2 |  | 
| Ancient of Lore | 2 |  | 
| Ancient of Wind | 1 |  | 
| Tree of Eternity | 1 |  | 
| Ancient of Wonders | 2 |  | 
                31 total
 » build order
                00:34 Ancient of War
00:39 Ancient of War
00:49 Moon Well
00:57 Ancient of War
01:42 Moon Well
02:10 Altar of Elders
02:56 Moon Well
04:43 Tree of Ages
04:59 Hunter's Hall
05:19 Moon Well
07:10 Ancient Protector
08:21 Tree of Life
08:57 Ancient of Lore
09:34 Ancient Protector
09:39 Ancient Protector
10:01 Ancient of Wind
10:03 Tree of Eternity
12:55 Ancient Protector
13:22 Ancient Protector
13:32 Moon Well
17:37 Ancient of Wonders
17:55 Ancient Protector
17:59 Ancient Protector
18:15 Ancient Protector
20:06 Ancient of Wonders
20:56 Ancient of Lore
22:05 Tree of Life
23:52 Ancient Protector
23:56 Ancient Protector
24:25 Ancient Protector
24:29 Ancient Protector
» items
                 
               
              
              
wetmypants (
yellow | 51 APM | 1328 actions | 25:55)
              
 8 Death Knight 
 3 Death Coil
 3 Unholy Aura
 1 Animate Dead
 1 Death Pact
 
                » actions 
                
                | Assign group hotkey | 28 |  | 
| Basic commands | 26 |  | 
| Build / train | 56 |  | 
| Enter build submenu | 24 |  | 
| Enter hero's abilities submenu | 8 |  | 
| Right click | 499 |  | 
| Select / deselect | 234 |  | 
| Select group hotkey | 403 |  | 
| Use ability | 50 |  | 
                1328 total
 » units 
                
                | Acolyte | 6 |  | 
| Ghoul | 3 |  | 
| Crypt Fiend | 15 |  | 
| Obsidian Statue | 4 |  | 
| Frost Wyrm | 8 |  | 
                36 total
 » upgrades
                
                | Web | 1 |  | 
| Destroyer Form | 1 |  | 
| Creature Attack | 3 |  | 
| Freezing Breath | 1 |  | 
| Creature Carapace | 1 |  | 
                7 total
 » buildings
                
                | Ziggurat | 9 |  | 
| Altar of Darkness | 1 |  | 
| Crypt | 1 |  | 
| Tomb of Relics | 1 |  | 
| Graveyard | 1 |  | 
| Nerubian Tower | 1 |  | 
| Halls of the Dead | 1 |  | 
| Black Citadel | 1 |  | 
| Slaughterhouse | 1 |  | 
| Sacrificial Pit | 1 |  | 
| Boneyard | 2 |  | 
                20 total
 » build order
                00:13 Ziggurat
00:15 Altar of Darkness
00:36 Crypt
00:52 Tomb of Relics
01:17 Graveyard
01:35 Ziggurat
01:43 Nerubian Tower
03:54 Ziggurat
05:18 Halls of the Dead
05:51 Ziggurat
07:11 Ziggurat
07:54 Black Citadel
07:57 Slaughterhouse
09:53 Ziggurat
10:30 Sacrificial Pit
12:34 Boneyard
12:47 Boneyard
13:11 Ziggurat
20:54 Ziggurat
21:09 Ziggurat
» items
                 
               
              
              
nub-dub (
blue | 35 APM | 918 actions | 25:56)
              
 7 Keeper of the Grove 
 3 Entangling Roots
 3 Thorns Aura
 1 Tranquility
 
                » actions 
                
                | Assign group hotkey | 22 |  | 
| Basic commands | 11 |  | 
| Build / train | 82 |  | 
| Enter build submenu | 17 |  | 
| Enter hero's abilities submenu | 7 |  | 
| Remove unit from queue | 5 |  | 
| Right click | 397 |  | 
| Select / deselect | 257 |  | 
| Select group hotkey | 28 |  | 
| Use ability | 92 |  | 
                918 total
 » units 
                
                | Wisp | 16 |  | 
| Archer | 4 |  | 
| Huntress | 7 |  | 
| Druid of the Claw | 28 |  | 
| Mountain Giant | 2 |  | 
                57 total
 » upgrades
                
                | Strength of the Wild | 2 |  | 
| Reinforced Hides | 2 |  | 
| Sentinel | 1 |  | 
| Druid of the Claw Training | 2 |  | 
| Mark of the Claw | 1 |  | 
| Resistant Skin | 1 |  | 
                9 total
 » buildings
                
                | Altar of Elders | 1 |  | 
| Moon Well | 6 |  | 
| Ancient of War | 2 |  | 
| Ancient of Wonders | 1 |  | 
| Hunter's Hall | 1 |  | 
| Ancient Protector | 3 |  | 
| Tree of Ages | 1 |  | 
| Ancient of Lore | 2 |  | 
| Tree of Eternity | 1 |  | 
| Tree of Life | 1 |  | 
                19 total
 » build order
                00:20 Altar of Elders
00:32 Moon Well
00:49 Ancient of War
01:42 Moon Well
01:57 Ancient of Wonders
02:28 Hunter's Hall
03:19 Ancient of War
03:47 Ancient Protector
04:11 Ancient Protector
05:05 Tree of Ages
05:10 Moon Well
06:11 Moon Well
07:17 Moon Well
09:48 Ancient of Lore
10:00 Tree of Eternity
10:02 Ancient of Lore
10:40 Ancient Protector
13:04 Moon Well
21:59 Tree of Life
» items
                 
               team 2 (loser) 
              
              
» 
Embedded_Device (
pink | 74 APM | 1721 actions | 23:21)
              
 6 Death Knight 
 3 Death Coil
 2 Unholy Aura
 1 Animate Dead
 3 Lich 
 2 Frost Nova
 1 Frost Armor
 
                » actions 
                
                | Assign group hotkey | 61 |  | 
| Basic commands | 50 |  | 
| Build / train | 79 |  | 
| Enter build submenu | 18 |  | 
| Enter hero's abilities submenu | 10 |  | 
| Remove unit from queue | 1 |  | 
| Right click | 513 |  | 
| Select / deselect | 293 |  | 
| Select group hotkey | 611 |  | 
| Use ability | 84 |  | 
                1721 total
 » units 
                
                | Acolyte | 7 |  | 
| Ghoul | 6 |  | 
| Crypt Fiend | 14 |  | 
| Frost Wyrm | 10 |  | 
| Abomination | 5 |  | 
                42 total
 » upgrades
                
                | Creature Attack | 3 |  | 
| Web | 1 |  | 
| Creature Carapace | 1 |  | 
| Disease Cloud | 1 |  | 
                6 total
 » buildings
                
                | Crypt | 1 |  | 
| Graveyard | 1 |  | 
| Ziggurat | 9 |  | 
| Altar of Darkness | 1 |  | 
| Tomb of Relics | 1 |  | 
| Nerubian Tower | 1 |  | 
| Halls of the Dead | 2 |  | 
| Black Citadel | 1 |  | 
| Sacrificial Pit | 1 |  | 
| Boneyard | 2 |  | 
| Spirit Tower | 2 |  | 
                22 total
 » build order
                00:13 Crypt
00:34 Graveyard
00:39 Ziggurat
01:00 Altar of Darkness
01:46 Ziggurat
01:58 Tomb of Relics
02:23 Nerubian Tower
03:50 Ziggurat
04:42 Halls of the Dead
04:42 Halls of the Dead
06:35 Ziggurat
07:17 Black Citadel
09:04 Sacrificial Pit
09:58 Boneyard
11:01 Boneyard
11:21 Ziggurat
13:24 Ziggurat
14:34 Ziggurat
20:58 Ziggurat
21:00 Ziggurat
21:43 Spirit Tower
21:44 Spirit Tower
» items
                
                | Rod of Necromancy | 5 |  | 
| Scroll of Town Portal | 2 |  | 
| Potion of Mana | 1 |  | 
                8 total
  
               
              
              
Baer_Schaf (
orange | 154 APM | 3019 actions | 19:34)
              
 5 Dreadlord 
 3 Sleep
 2 Vampiric Aura
 4 Death Knight 
 2 Death Coil
 2 Unholy Aura
 
                » actions 
                
                | Assign group hotkey | 23 |  | 
| Basic commands | 273 |  | 
| Build / train | 68 |  | 
| Enter build submenu | 17 |  | 
| Enter hero's abilities submenu | 9 |  | 
| Right click | 558 |  | 
| Select / deselect | 473 |  | 
| Select group hotkey | 1540 |  | 
| Use ability | 58 |  | 
                3019 total
 » units 
                
                | Acolyte | 10 |  | 
| Ghoul | 16 |  | 
| Obsidian Statue | 3 |  | 
| Abomination | 8 |  | 
                37 total
 » upgrades
                
                | Cannibalize | 1 |  | 
| Unholy Strength | 3 |  | 
| Unholy Armor | 2 |  | 
                6 total
 » buildings
                
                | Crypt | 1 |  | 
| Ziggurat | 8 |  | 
| Altar of Darkness | 1 |  | 
| Tomb of Relics | 1 |  | 
| Nerubian Tower | 1 |  | 
| Halls of the Dead | 5 |  | 
| Graveyard | 1 |  | 
| Black Citadel | 1 |  | 
| Slaughterhouse | 2 |  | 
                21 total
 » build order
                00:11 Crypt
00:21 Ziggurat
00:35 Altar of Darkness
01:03 Ziggurat
01:07 Tomb of Relics
01:32 Ziggurat
01:58 Nerubian Tower
03:18 Halls of the Dead
03:18 Halls of the Dead
03:18 Halls of the Dead
03:19 Halls of the Dead
03:47 Graveyard
04:33 Ziggurat
05:51 Black Citadel
05:54 Slaughterhouse
06:40 Slaughterhouse
06:44 Ziggurat
09:37 Ziggurat
10:13 Ziggurat
11:04 Ziggurat
» items
                 
               
              
              
cobra-j (
purple | 22 APM | 578 actions | 25:54)
              
 5 Paladin 
 2 Divine Shield
 3 Holy Light
 
                » actions 
                
                | Build / train | 66 |  | 
| ESC pressed | 3 |  | 
| Enter build submenu | 27 |  | 
| Enter hero's abilities submenu | 7 |  | 
| Right click | 191 |  | 
| Select / deselect | 239 |  | 
| Use ability | 45 |  | 
                578 total
 » units 
                
                | Peasant | 9 |  | 
| Rifleman | 18 |  | 
| Gryphon Rider | 13 |  | 
                40 total
 » upgrades
                
                | Armor | 3 |  | 
| Gunpowder | 2 |  | 
| Lumber Harvesting | 2 |  | 
| Long Rifles | 1 |  | 
| Storm Hammers | 1 |  | 
| Swords | 2 |  | 
                11 total
 » buildings
                
                | Farm | 11 |  | 
| Altar of Kings | 1 |  | 
| Barracks | 1 |  | 
| Blacksmith | 1 |  | 
| Scout Tower | 7 |  | 
| Lumber Mill | 1 |  | 
| Guard Tower | 7 |  | 
| Keep | 1 |  | 
| Gryphon Aviary | 2 |  | 
| Castle | 1 |  | 
                33 total
 » build order
                00:10 Farm
00:13 Altar of Kings
01:07 Farm
01:47 Barracks
01:57 Farm
02:30 Blacksmith
03:12 Farm
03:21 Scout Tower
03:49 Lumber Mill
03:55 Scout Tower
04:09 Farm
04:12 Farm
05:19 Guard Tower
05:20 Guard Tower
06:52 Farm
06:57 Farm
09:18 Keep
09:31 Scout Tower
10:43 Scout Tower
10:47 Farm
12:57 Farm
13:03 Guard Tower
13:05 Guard Tower
13:09 Scout Tower
13:39 Gryphon Aviary
14:11 Guard Tower
15:04 Castle
15:08 Farm
15:13 Scout Tower
16:55 Gryphon Aviary
16:58 Scout Tower
17:00 Guard Tower
18:22 Guard Tower
 
                Chat log
          (00:07 / Allies) clown[m]an: archer dryad
(00:11 / Allies) clown[m]an: chims later
(00:13 / Allies) nub-dub: hunt/bears
(00:18 / Allies) wetmypants: fiends
(00:26 / Allies) clown[m]an: stats
(00:28 / Allies) clown[m]an: too
(00:34 / Allies) wetmypants: k
(00:35 / Allies) nub-dub: i'll get MG's
(00:36 / Allies) nub-dub: as well
(00:43 / Allies) clown[m]an: im range
(00:55 / Allies) nub-dub: mg = mountain giant =melee
(09:05 / Allies) nub-dub: dk
(09:51 / Allies) clown[m]an: mid
(11:15 / Allies) nub-dub: caerfl
(11:17 / Allies) nub-dub: careful
(11:23 / Allies) nub-dub: b
(11:24 / Allies) nub-dub: b
(12:19 / Allies) nub-dub: b
(12:19 / Allies) nub-dub: b
(12:27 / Allies) nub-dub: b
(12:28 / Allies) nub-dub: b
(13:16 / Allies) nub-dub: wood plz
(13:26 / Allies) nub-dub: ty
(13:44 / Allies) nub-dub: upgrade fiends
(13:46 / Allies) nub-dub: at least 1
(14:27 / Allies) nub-dub: together
(14:44 / Allies) nub-dub: orange
(16:28 / Allies) nub-dub: wyrms
(16:31 / Allies) nub-dub: fucking wyurms
(17:05 / Allies) wetmypants: back
(18:21 / Allies) nub-dub: web
(19:16 / Allies) clown[m]an: units
(21:25 / Allies) nub-dub: come green